[Event "*** SCC Grand Prix: Titled Tuesday Blitz"]
[Site "Chess.com"]
[Date "2020.07.21"]
[Round "3"]
[White "vova-79"]
[Black "Speshka"]
[Result "1-0"]
[WhiteElo "2491"]
[BlackElo "2226"]
[TimeControl "180+1"]
[EndTime "10:27:31 PDT"]
[Termination "vova-79 won by resignation"]

1. d4 Nf6 2. c4 g6 3. Nc3 Bg7 4. Nf3 O-O 5. g3 d6 6. Bg2 Nbd7 7. O-O c6 8. e4 e5 9. h3 exd4 10. Nxd4 Re8 11. Be3 Nc5 12. Qc2 a5 13. Rad1 Qe7 14.
Rfe1 Bd7 15. Bf4 Nh5 16. Nxc6 Bxc6 17. Bxd6 Qg5 18. h4 Qg4 19. Bxc5 Rad8 20. Rxd8 Rxd8 21. Nd5 Qe6 22. b3 Nf6 23. Ne7+ Kh8 24. Nxc6 bxc6 25. Bb6 Ra8 26. e5 Nd7 27. Bd4 Nxe5 28. Qe4 Re8 29. f4 Nf3+ 30. Bxf3 Bxd4+ 31. Qxd4+ 1-0

[Event "*** SCC Grand Prix: Titled Tuesday Blitz"]
[Site "Chess.com"]
[Date "2020.07.21"]
[Round "3"]
[White "SanchezKelvin"]
[Black "chesslh19"]
[Result "1-0"]
[WhiteElo "2393"]
[BlackElo "2164"]
[TimeControl "180+1"]
[EndTime "10:27:31 PDT"]
[Termination "SanchezKelvin won by resignation"]

1. d4 Nf6 2. c4 e6 3. Nf3 d5 4. Nc3 c5 5. cxd5 cxd4 6. Qxd4 exd5 7. Bg5 Be7 8. e3 Nc6 9. Bb5 O-O 10. Qd2 Ne4 11.
Qxd5 Nxc3 12. Qxd8 Bxd8 13. bxc3 Bg4 14. Bxc6 Bxf3 15.
Bxf3 Bxg5 16. Bxb7 Rab8 17. Bd5 Bf6 18. O-O Bxc3 19.
Rab1 Ba5 20. Rfd1 g6 21. f4 Rb6 22. Bb3 Rbb8 23. Rd7 Bb6 24. Kf2 Rbd8 25. Rbd1 Kg7 26.
Kf3 Kf6 27. e4 Kg7 28. e5 Kg8 29. g4 Kg7 30. e6 Kf6 31. e7 1-0

[Event "*** SCC Grand Prix: Titled Tuesday Blitz"]
[Site "Chess.com"]
[Date "2020.07.21"]
[Round "3"]
[White "Beca95"]
[Black "bugsbunny444"]
[Result "1-0"]
[WhiteElo "2830"]
[BlackElo "2568"]
[TimeControl "180+1"]
[EndTime "10:27:32 PDT"]
[Termination "Beca95 won by resignation"]

1. d4 e6 2. Nf3 c5 3. e4 cxd4 4. Nxd4 a6 5. Nc3 Qc7 6. g3 Bb4 7. Ne2 Nf6 8. Bg2 O-O 9. O-O Rd8 10. h3 Be7 11. g4 d6 12. g5 Nfd7 13. a4 Nc6 14. h4 Nde5 15. b3 Ng6 16. h5 Nh4 17. f4 d5 18. exd5 Bc5+ 19. Kh2 Nxg2 20. Kxg2 Ne7 21. Ng3 Bb4 22. Na2 Nxd5 23. Qe2 Nc3 24.
Nxc3 Bxc3 25. Rb1 b5 26. a5 Bb7+ 27. Kh3 Qxa5 28. Be3 Qc7 29. Qg4 g6 30. hxg6 hxg6 31. Ne2 Bg7 32. Rbc1 Be4 33. Kg3 Rac8 34. Qh4 Qc6 35.
b4 Kf8 36. Bc5+ Ke8 37. Qh7 Bf8 38. Qg8 Kd7 39. Qxf7+ 1-0

[Event "*** SCC Grand Prix: Titled Tuesday Blitz"]
[Site "Chess.com"]
[Date "2020.07.21"]
[Round "3"]
[White "InitiatingASC"]
[Black "Shubinkirill2003"]
[Result "0-1"]
[WhiteElo "2354"]
[BlackElo "2659"]
[TimeControl "180+1"]
[EndTime "10:27:32 PDT"]
[Termination "Shubinkirill2003 won by checkmate"]

1. Nf3 Nf6 2. c4 b6 3. g3 Bb7 4.
Bg2 e6 5. O-O Be7 6. d3 d5 7.
Nbd2 O-O 8. Rb1 c5 9. cxd5 exd5 10. b3 d4 11. a3 Nc6 12. Nc4 Nd5 13. Qc2 Nc3 14. Ra1 b5 15. Ncd2 Nxe2+ 16. Kh1 Nc3 17. Re1 Re8 18. Bb2 b4 19. Nc4 Qc7 20. Bc1 Nd5 21. Bd2 Bf6 22. a4 Nce7 23. Ng5 Bxg5 24.
Bxg5 Ng6 25. Qd2 h6 26. Bxh6 gxh6 27. Qxh6 Nf6 28. h4 Rxe1+ 29. Rxe1 Bxg2+ 30. Kxg2 Qc6+ 31. Kg1 Qd5 32. f4 Qf3 33. Qg5 Nh7 34. Qh6 Qxg3+ 35. Kf1 Qf3+ 36. Kg1 Nxf4 37. Re5 Qg2# 0-1

[Event "*** SCC Grand Prix: Titled Tuesday Blitz"]
[Site "Chess.com"]
[Date "2020.07.21"]
[Round "3"]
[White "MashaFromRussia"]
[Black "theblitzchamp"]
[Result "0-1"]
[WhiteElo "2409"]
[BlackElo "2662"]
[TimeControl "180+1"]
[EndTime "10:27:32 PDT"]
[Termination "theblitzchamp won by resignation"]

1. d4 d5 2. c4 c6 3. Nf3 Nf6 4. Nc3 e6 5. g3 dxc4 6. a4 Nbd7 7. Bg2 Bb4 8. O-O O-O 9. Nd2 Nb6 10. e3 a5 11. Qe2 Nfd5 12. Nxc4 Nxc3 13. bxc3 Bxc3 14. Rb1 Nxc4 15. Qxc4 Bb4 16. e4 Re8 17. Bf4 Bd7 18. Rfd1 b5 19. Qc2 Rc8 20. Qa2 bxa4 21. d5 cxd5 22.
exd5 e5 23. Be3 Bb5 24. Rbc1 Qd7 25. Qa1 Rxc1 26. Rxc1 a3 27. Bc5 Rc8 28. Be3 f6 29. f4 exf4 30. Bxf4 Rxc1+ 31. Qxc1 a2 32. d6 Bc5+ 33.
Kh1 Bd4 34. Bd5+ Kh8 35. Bxa2 Bc6+ 0-1

[Event "*** SCC Grand Prix: Titled Tuesday Blitz"]
[Site "Chess.com"]
[Date "2020.07.21"]
[Round "3"]
[White "Trickov"]
[Black "Ermito2020"]
[Result "1/2-1/2"]
[WhiteElo "2363"]
[BlackElo "2576"]
[TimeControl "180+1"]
[EndTime "10:27:32 PDT"]
[Termination "Game drawn by repetition"]

1. d4 d5 2. Nf3 Nf6 3. c4 e6 4. g3 dxc4 5. Qa4+ Nbd7 6. Bg2 a6 7. Qxc4 b5 8. Qc2 Bb7 9. O-O Be7 10. Rd1 O-O 11. a3 Qc8 12. Bg5 c5 13. dxc5 Nxc5 14. Nc3 Nce4 15. Rac1 Nxg5 16. Nxg5 Bxg2 17. Kxg2 Qb7+ 18.
Nf3 Rac8 19. Qb3 h6 20. Kg1 Ne4 21. Nxe4 Qxe4 22. Qd3 Qxd3 23. exd3 Bf6 24. b3 Rfd8 25. Rxc8 Rxc8 26. d4 Rc3 27. Ne5 Rxb3 28. Nd7 Rxa3 29. d5 exd5 30. Rxd5 b4 31. Rd6 b3 32. Rb6 a5 33. Rb8+ Kh7 34. Nf8+ Kg8 35. Nd7+ Kh7 36. Nf8+ Kg8 37. Nd7+ 1/2-1/2

[Event "*** SCC Grand Prix: Titled Tuesday Blitz"]
[Site "Chess.com"]
[Date "2020.07.21"]
[Round "3"]
[White "Hikaru"]
[Black "Gloomy_Wanderer"]
[Result "1-0"]
[WhiteElo "3263"]
[BlackElo "2702"]
[TimeControl "180+1"]
[EndTime "10:27:34 PDT"]
[Termination "Hikaru won on time"]

1. Nf3 Nf6 2. b3 e6 3. Bb2 d5 4.
e3 g6 5. d4 Bg7 6. c4 O-O 7.
Nbd2 b6 8. Rc1 Bb7 9. cxd5 exd5 10. Bd3 Re8 11. Qc2 Nc6 12. a3 Rc8 13. Bb5 Re6 14.
Ng5 Rd6 15. O-O a6 16. Bd3 Ne7 17. b4 Qd7 18. Ndf3 Rc6 19. Qe2 Rxc1 20. Rxc1 Ne4 21.
Bxa6 Bxa6 22. Qxa6 Nxg5 23. Nxg5 Nf5 24. Qb7 h6 25.
Nf3 Qe6 26. Rxc7 Rxc7 27. Qxc7 Qe4 28. Ne1 Nxd4 29. Bxd4 Bxd4 30. Qc2 Qe6 31. Nf3 Bf6 32. g3 Kg7 33. Kg2 h5 34. h4 Qg4 35. Qd3 Qe6 36.
a4 Qc6 37. a5 bxa5 38. bxa5 Qc5 39. a6 Qa5 40. Nd4 Kh7 41. Qb5 Qa2 42. Qb7 1-0

[Event "*** SCC Grand Prix: Titled Tuesday Blitz"]
[Site "Chess.com"]
[Date "2020.07.21"]
[Round "3"]
[White "Jospem"]
[Black "Witik"]
[Result "1-0"]
[WhiteElo "2838"]
[BlackElo "2600"]
[TimeControl "180+1"]
[EndTime "10:27:34 PDT"]
[Termination "Jospem won by resignation"]

1. e4 c6 2. Nc3 d5 3. Nf3 dxe4 4.
Nxe4 Nf6 5. Qe2 Bg4 6. h3 Bh5 7.
d3 Nxe4 8. dxe4 e5 9. Bd2 Nd7 10.
O-O-O Be7 11. g4 Bg6 12. h4 h6 13. Bh3 Qc7 14. h5 Bh7 15. g5 Nc5 16. g6 fxg6 17. Bc3 O-O 18. hxg6 Bxg6 19. Bxe5 Qa5 20. Rhg1 Rxf3 21.
Rxg6 Rxh3 22. Rxg7+ Kf8 23. Qg4 Qxa2 24. Qf5+ Ke8 25.
Rxe7+ Kxe7 26. Bd6+ Kd8 27. Qf8+ Kd7 28. Qe7+ 1-0

[Event "*** SCC Grand Prix: Titled Tuesday Blitz"]
[Site "Chess.com"]
[Date "2020.07.21"]
[Round "3"]
[White "vitnik2020"]
[Black "arminmusovic"]
[Result "1-0"]
[WhiteElo "2325"]
[BlackElo "2539"]
[TimeControl "180+1"]
[EndTime "10:27:34 PDT"]
[Termination "vitnik2020 won by resignation"]

1. d4 d5 2. c4 c5 3. cxd5 e6 4. dxe6 Bxe6 5. Nf3 Nc6 6. e3 a6 7. Nc3 Nf6 8. Ng5 cxd4 9. Nxe6 fxe6 10. exd4 Qxd4 11.
Qb3 Qe5+ 12. Be3 O-O-O 13. Be2 Bd6 14. g3 Nd5 15. Nxd5 exd5 16. O-O h5 17. Bxa6 bxa6 18. Rfc1 Kd7 19. Qb7+ Ke6 20. Rxc6 Rb8 21. Qxa6 g5 22. Re1 Kf5 23. Rxd6 Rhf8 24. Qc6 Kg4 25. Qxd5 Qxd5 26. Rxd5 Rxb2 27. Kg2 1-0

[Event "*** SCC Grand Prix: Titled Tuesday Blitz"]
[Site "Chess.com"]
[Date "2020.07.21"]
[Round "3"]
[White "keepitcool9499"]
[Black "ajdemipopushi"]
[Result "1-0"]
[WhiteElo "2566"]
[BlackElo "2332"]
[TimeControl "180+1"]
[EndTime "10:27:35 PDT"]
[Termination "keepitcool9499 won by resignation"]

1. d4 Nf6 2. c4 c5 3. e3 g6 4. d5 Bg7 5. Nc3 e6 6. Nf3 O-O 7.
Bd3 exd5 8. cxd5 d6 9. h3 Na6 10. a3 Nc7 11. e4 b5 12. O-O Rb8 13. Be3 Re8 14. b4 c4 15. Bc2 a6 16. Nd4 Bd7 17.
Bf4 Qe7 18. Qd2 Nh5 19. Bh6 Bxh6 20. Qxh6 Qf6 21. Rad1 Nf4 22. Nde2 Nxe2+ 23. Nxe2 Qb2 24. Nd4 Qxa3 25. f4 Qe3+ 26. Kh2 a5 27. Rf3 Qxf3 28. Nxf3 f6 29. bxa5 b4 30. e5 dxe5 31. fxe5 fxe5 32. Ng5 Re7 33. d6 b3 34. dxe7 1-0

[Event "*** SCC Grand Prix: Titled Tuesday Blitz"]
[Site "Chess.com"]
[Date "2020.07.21"]
[Round "3"]
[White "Paladin61"]
[Black "LPSupi"]
[Result "0-1"]
[WhiteElo "2619"]
[BlackElo "2875"]
[TimeControl "180+1"]
[EndTime "10:27:36 PDT"]
[Termination "LPSupi won on time"]

1. b3 e5 2. Bb2 d6 3. e3 Nf6 4.
Ne2 g6 5. d4 Bg7 6. dxe5 Ng4 7.
Nbc3 Nxe5 8. Qd2 O-O 9. O-O-O a5 10. Kb1 a4 11. f4 Ng4 12. Nd4 Re8 13. e4 axb3 14. axb3 c6 15. h3 Nf6 16. Bd3 Qa5 17. Rhe1 Nbd7 18. g4 Nc5 19. e5 dxe5 20. fxe5 Nd5 21.
Nf3 Nxd3 22. Qxd3 Be6 23. Ne4 Red8 24. Nd4 Bxe5 25. Nd2 Nb4 0-1

[Event "*** SCC Grand Prix: Titled Tuesday Blitz"]
[Site "Chess.com"]
[Date "2020.07.21"]
[Round "3"]
[White "LastHeroJr"]
[Black "fighter2jz"]
[Result "0-1"]
[WhiteElo "2442"]
[BlackElo "2807"]
[TimeControl "180+1"]
[EndTime "10:27:36 PDT"]
[Termination "fighter2jz won on time"]

1. e4 c5 2. Nf3 d6 3. d4 cxd4 4. Nxd4 Nf6 5. Nc3 a6 6. Bg5 e6 7. f4 h6 8. Bh4 Qb6 9. a3 Be7 10. Bf2 Qc7 11. Qf3 b5 12. O-O-O Bb7 13. Bd3 Nbd7 14.
Rhe1 g6 15. Kb1 e5 16. Nb3 exf4 17. Nd5 Nxd5 18. exd5 g5 19. Nd4 Ne5 20. Qe4 O-O-O 21. Nf5 f6 22. Bf1 Kb8 23. a4 bxa4 24. Qxa4 Qd7 25. Qe4 Rc8 26. Qd4 Qxf5 27. Qa7+ Kc7 28. Bxa6 Kd8 0-1

[Event "*** SCC Grand Prix: Titled Tuesday Blitz"]
[Site "Chess.com"]
[Date "2020.07.21"]
[Round "3"]
[White "kleopl"]
[Black "giantslayer83"]
[Result "0-1"]
[WhiteElo "2428"]
[BlackElo "2728"]
[TimeControl "180+1"]
[EndTime "10:27:37 PDT"]
[Termination "giantslayer83 won by resignation"]

1. c4 e6 2. Nc3 d5 3. cxd5 exd5 4. d4 c6 5. Qc2 Bd6 6. Nf3 Ne7 7. Bg5 f6 8. Bh4 Bf5 9. Qd2 O-O 10. e3 Kh8 11. Bd3 Qd7 12. Bg3 Bxd3 13. Qxd3 Na6 14. Bxd6 Qxd6 15.
a3 Nc7 16. O-O Ng6 17. b4 a6 18. Rab1 Nb5 19. a4 Na3 20. Rb3 Nc4 21. b5 a5 22. Nd2 Qe6 23. Rfb1 Nh4 24. Ne2 Nxd2 25. Qxd2 Qh3 26. gxh3 Nf3+ 27. Kg2 Nxd2 28. bxc6 bxc6 29. Nf4 Nxb1 30. Rxb1 Rfb8 31. Rc1 Rb6 32. Ne6 Kg8 33. Nc5 Kf7 34. Rc2 Ra7 35. Kf3 Rb1 36. Kg2 Ke7 37. h4 g6 38. Nd3 Kd6 39. Nc5 Ra8 40. Rc3 Rab8 41. Rc2 R8b2 42. Rc3 Rd1 43. Nd3 Ra2 44.
Kf3 Rdd2 45. Rb3 Rxa4 46. Rc3 Raa2 47. Rb3 a4 48. Rc3 Rac2 49. Ra3 Ra2 50. Rc3 Rdc2 0-1

[Event "*** SCC Grand Prix: Titled Tuesday Blitz"]
[Site "Chess.com"]
[Date "2020.07.21"]
[Round "3"]
[White "JiiHart"]
[Black "rekosheten"]
[Result "0-1"]
[WhiteElo "2080"]
[BlackElo "2324"]
[TimeControl "180+1"]
[EndTime "10:27:38 PDT"]
[Termination "rekosheten won by checkmate"]

1. e4 c5 2. Nf3 Nc6 3. d4 cxd4 4. Nxd4 Nf6 5. Nc3 e5 6. Ndb5 d6 7. Bg5 a6 8. Bxf6 gxf6 9. Na3 b5 10. Nd5 f5 11.
Bd3 Be6 12. Qh5 Bg7 13. O-O-O h6 14. h4 O-O 15. Ne3 fxe4 16. Bxe4 Rc8 17. Nf5 Qf6 18.
Rxd6 Nd4 19. Nxg7 Qxg7 20. Rh3 Bxh3 21. Rxh6 Rfd8 22. Rh7 Qf6 23. gxh3 Qf4+ 24. Kb1 Ne6 25. Rh8+ Kg7 26. Qh7+ Kf6 27. Qh6+ Ke7 28. Qxf4 Nxf4 29. Rh6 Rd1# 0-1

[Event "*** SCC Grand Prix: Titled Tuesday Blitz"]
[Site "Chess.com"]
[Date "2020.07.21"]
[Round "3"]
[White "MestreSoares"]
[Black "jonychess03"]
[Result "0-1"]
[WhiteElo "2066"]
[BlackElo "2320"]
[TimeControl "180+1"]
[EndTime "10:27:38 PDT"]
[Termination "jonychess03 won by resignation"]

1. Nf3 Nf6 2. b3 c5 3. e3 g6 4. Bb2 Bg7 5. Be2 O-O 6. O-O Nc6 7. c4 d5 8. cxd5 Qxd5 9. Nc3 Qd7 10. Rc1 b6 11. d4 cxd4 12. Nxd4 Nxd4 13. exd4 Bb7 14. Qd3 Rac8 15. Rfd1 e6 16. Bf3 Nd5 17. Nxd5 Bxd5 18. Bxd5 Qxd5 19. Rc4 b5 20. Rxc8 Rxc8 21. g3 h5 22. h4 a6 23. a4 Rb8 24. Qc3 bxa4 25. bxa4 Rb3 26. Qc8+ Kh7 27. Ba1 e5 28. Qxa6 exd4 29.
Qa7 g5 30. hxg5 h4 31. g6+ Kxg6 32. Qa6+ Kh7 33. gxh4 Rh3 34. Kf1 d3 35. Ke1 Qe4+ 36. Kd2 Qe2+ 0-1

[Event "*** SCC Grand Prix: Titled Tuesday Blitz"]
[Site "Chess.com"]
[Date "2020.07.21"]
[Round "3"]
[White "Mazetovic"]
[Black "boasovietica"]
[Result "1-0"]
[WhiteElo "2664"]
[BlackElo "2414"]
[TimeControl "180+1"]
[EndTime "10:27:39 PDT"]
[Termination "Mazetovic won on time"]

1. d4 Nf6 2. Nf3 g6 3. Bg5 Bg7 4. Nbd2 d5 5. e3 O-O 6. Be2 b6 7. O-O Bb7 8. a4 a6 9. Ne5 Nbd7 10. f4 c5 11. c3 Ne8 12. Bh4 Nd6 13. Bd3 Nf6 14.
g4 Qc7 15. Bg3 Qd8 16. f5 Nfe4 17. Nxe4 Nxe4 18. Bxe4 dxe4 19. fxg6 hxg6 20. Qb3 e6 21. Rad1 cxd4 22. Rxd4 Qg5 23. Bf4 Qh4 24. Qxb6 Bxe5 25.
Bxe5 Qxg4+ 26. Bg3 Bd5 27. c4 Rab8 28. Qc7 Ba8 29. Rd7 Rbc8 30. Qa7 Qe2 31. Rdxf7 1-0

[Event "*** SCC Grand Prix: Titled Tuesday Blitz"]
[Site "Chess.com"]
[Date "2020.07.21"]
[Round "3"]
[White "WIDBIFS"]
[Black "GracefulYear"]
[Result "1-0"]
[WhiteElo "2653"]
[BlackElo "2406"]
[TimeControl "180+1"]
[EndTime "10:27:39 PDT"]
[Termination "WIDBIFS won by checkmate"]

1. d4 Nf6 2. Nf3 e6 3. Bf4 c5 4. e3 cxd4 5. exd4 d5 6. Nbd2 Nc6 7. c3 Bd6 8. Bg3 Bxg3 9. hxg3 a6 10. Bd3 b5 11. a3 Bd7 12. Qe2 Ne7 13. Nb3 Nc8 14. Nc5 Nd6 15. Ne5 Nc4 16. g4 Bc8 17. g5 Nd7 18.
Ncxd7 Bxd7 19. f4 Rc8 20. Kf2 f6 21. Bg6+ Ke7 22. Nf7 hxg6 23. Nxd8 Rcxd8 24. gxf6+ gxf6 25. Qc2 f5 26. Qe2 Nd6 27. Qe5 Ne4+ 28. Ke3 Nf6 29. Qc7 Rc8 30. Qa7 Ng4+ 31. Kf3 Nf6 32. Qxa6 Ne4 33. Qa5 Nd2+ 34. Ke2 Nc4 35. Qb4+ Kf7 36. b3 Nb6 37. Rxh8 Rxh8 38. Qd6 Nc8 39. Qxd7+ Ne7 40. Kf2 Rh4 41. Kg3 Rg4+ 42. Kf3 Rh4 43. Re1 Kf8 44.
Rxe6 Ng8 45. Re8# 1-0

[Event "*** SCC Grand Prix: Titled Tuesday Blitz"]
[Site "Chess.com"]
[Date "2020.07.21"]
[Round "3"]
[White "axvesik"]
[Black "harkerchess"]
[Result "1-0"]
[WhiteElo "2470"]
[BlackElo "2116"]
[TimeControl "180+1"]
[EndTime "10:27:39 PDT"]
[Termination "axvesik won by resignation"]

1. e4 e5 2. Nf3 Nc6 3. Bc4 Bc5 4. O-O Nf6 5. d3 d6 6. c3 a6 7. Bb3 h6 8. Nbd2 Ba7 9. Re1 O-O 10. Nf1 Be6 11.
h3 Qd7 12. Ng3 Rad8 13. Bc2 Rfe8 14. Qe2 d5 15. Kh2 Qc8 16. Nh4 dxe4 17. dxe4 b5 18. Qf3 Ng4+ 19. Kg1 Bxf2+ 20. Kh1 Bxe1 21. Ngf5 Bxh4 22.
Qxg4 Bxf5 23. exf5 Bg5 24. Bxg5 hxg5 25. Qxg5 f6 26. Bb3+ Kf8 27. Qh5 Qd7 28. Qh8+ Ke7 29. Qxg7+ Kd6 30. Rd1+ Nd4 31. Qxf6+ Kc5 32. cxd4+ exd4 33. a3 Re3 34. Rc1+ Rc3 35. bxc3 Qd6 36. cxd4+ Kb6 37.
Qxd6+ Rxd6 38. Rf1 Rxd4 39. f6 Rd8 40. f7 Rf8 41. g4 c5 42. g5 c4 43. Bc2 a5 44. g6 b4 45. axb4 axb4 46. g7 b3 47. gxf8=Q bxc2 48. Qd6+ Kb5 49. f8=Q 1-0

[Event "*** SCC Grand Prix: Titled Tuesday Blitz"]
[Site "Chess.com"]
[Date "2020.07.21"]
[Round "3"]
[White "viktorskliarov"]
[Black "BJthechessgod"]
[Result "0-1"]
[WhiteElo "2581"]
[BlackElo "2326"]
[TimeControl "180+1"]
[EndTime "10:27:39 PDT"]
[Termination "BJthechessgod won by resignation"]

1. e4 c5 2. Nf3 Nc6 3. Bb5 g6 4. O-O Bg7 5. Re1 Nf6 6. e5 Nd5 7. Nc3 Nc7 8. Bxc6 dxc6 9. Ne4 b6 10. Nf6+ Kf8 11. Ne4 Bf5 12. d3 Ne6 13. Ng3 Bg4 14.
h3 Bxf3 15. Qxf3 Nd4 16. Qd1 Qd5 17. c4 Qd7 18. Bd2 Rd8 19. Rc1 Nf5 20. e6 Qxd3 21.
Bf4 Nxg3 22. Bxg3 Bxb2 23. Rb1 Bc3 24. Qxd3 Rxd3 25. Re4 f5 26. Re2 Kg7 27. Rb3 Rd1+ 28.
Kh2 Bd4 29. a4 Ra1 30. a5 Rxa5 31. Rd3 Kf6 32. Rxd4 cxd4 33. Bh4+ g5 34. Bg3 f4 35.
h4 fxg3+ 36. fxg3 g4 37. Rf2+ Kxe6 38. c5 Rxc5 39. Re2+ Re5 40. Re1 Rxe1 41. h5 d3 42. h6 Rh1+ 43. Kxh1 d2 44. Kh2 d1=N 45. Kg1 a5 0-1

[Event "*** SCC Grand Prix: Titled Tuesday Blitz"]
[Site "Chess.com"]
[Date "2020.07.21"]
[Round "3"]
[White "saisree"]
[Black "bgfbfbgfbgfgf"]
[Result "0-1"]
[WhiteElo "2401"]
[BlackElo "2630"]
[TimeControl "180+1"]
[EndTime "10:27:40 PDT"]
[Termination "bgfbfbgfbgfgf won by resignation"]

1. Nf3 Nf6 2. e3 g6 3. b3 Bg7 4. Bb2 O-O 5. c4 b6 6. Qc2 Bb7 7. Be2 c5 8. O-O d5 9. d4 cxd4 10. Nxd4 Nbd7 11. Nd2 Rc8 12. Rac1 a6 13. Qb1 e5 14.
N4f3 Qe7 15. Qa1 e4 16. Nd4 Nc5 17. Rfd1 Nd3 18. Bxd3 exd3 19. N2f3 dxc4 20. bxc4 Qe4 21. Qb1 Qg4 22. h3 Qh5 23. Qxd3 Ne4 24. Qe2 Rfe8 25. Ba1 Bh6 26. Nb3 f6 27. Nbd4 Nxf2 28. Kxf2 Bxe3+ 29. Qxe3 Rxe3 30. Kxe3 Qa5 31. Rd2 Qa3+ 32. Rc3 Qc5 33.
Ke2 Re8+ 34. Kf1 Qb4 35. Rc1 h5 36. Rdd1 Be4 37. Ne2 Qc5 38. Bd4 Qa5 39. c5 bxc5 40. Rxc5 Qxa2 41. Ra1 Qb3 42. Rc3 Qb5 43. Kf2 Bxf3 44.
Nf4 Qb2+ 45. Kxf3 Qxa1 46. Rd3 0-1

[Event "*** SCC Grand Prix: Titled Tuesday Blitz"]
[Site "Chess.com"]
[Date "2020.07.21"]
[Round "3"]
[White "Riptide27"]
[Black "swimmerchess"]
[Result "0-1"]
[WhiteElo "2515"]
[BlackElo "2807"]
[TimeControl "180+1"]
[EndTime "10:27:41 PDT"]
[Termination "swimmerchess won by resignation"]

1. d4 Nf6 2. c4 e6 3. Nc3 d5 4.
cxd5 exd5 5. Bg5 c6 6. e3 Be7 7. Bd3 O-O 8. Nge2 Nbd7 9. O-O Re8 10. Qc2 h6 11. Bh4 Nf8 12. Rad1 Ne6 13. f3 Ng5 14. Bf2 Bd6 15. Ng3 Be6 16. Nf5 Bxf5 17. Bxf5 Bc7 18. Rfe1 Qd6 19. Bg3 Qe7 20. Bf2 g6 21. Bd3 h5 22. Bh4 Ngh7 23. e4 dxe4 24. Nxe4 Qb4 25. Nxf6+ Nxf6 26. Bxg6 Rxe1+ 27. Bxe1 Qe7 28. Bf5 Kh8 29. Qf2 Rg8 30. Qh4 Bd8 31. Bf2 Qe2 32.
Rb1 Qxf3 33. Bh3 Qd3 34. Rf1 Rg6 35. Kh1 Kg7 36. Qf4 Qxf1+ 0-1

[Event "*** SCC Grand Prix: Titled Tuesday Blitz"]
[Site "Chess.com"]
[Date "2020.07.21"]
[Round "3"]
[White "MacDaddyMac"]
[Black "Revnov"]
[Result "0-1"]
[WhiteElo "2388"]
[BlackElo "2730"]
[TimeControl "180+1"]
[EndTime "10:27:41 PDT"]
[Termination "Revnov won on time"]

1. e4 c5 2. Nc3 e6 3. f4 Nc6 4. Bb5 Nd4 5. Nf3 a6 6. Bd3 Nc6 7. O-O d5 8. Qe1 c4 9. exd5 cxd3 10. dxc6 Nf6 11. cxd3 Qxd3 12. cxb7 Bxb7 13. Qe3 Qd6 14.
d4 Be7 15. Qe5 Qd7 16. h3 O-O 17. Be3 Rac8 18. Rac1 h6 19. Nh2 Nd5 20. Nxd5 Bxd5 21. a3 f5 22. Bd2 Bc4 23. Rfe1 Bf6 24. Qa5 Bxd4+ 25. Kh1 Bxb2 26. Rb1 Bf6 27. Bb4 Rfd8 28. Nf3 Bd5 29. Ne5 Bxe5 30. fxe5 Rc2 31. Rg1 Rdc8 32. Qb6 Qf7 33. Qd6 Qh5 34. Kh2 f4 35. Qe7 f3 36.
Bd6 Qg6 0-1

[Event "*** SCC Grand Prix: Titled Tuesday Blitz"]
[Site "Chess.com"]
[Date "2020.07.21"]
[Round "3"]
[White "GelmanAlexander"]
[Black "KingCrusher275"]
[Result "0-1"]
[WhiteElo "2581"]
[BlackElo "2390"]
[TimeControl "180+1"]
[EndTime "10:27:42 PDT"]
[Termination "KingCrusher275 won by resignation"]

1. c4 e6 2. Nf3 d5 3. d3 Nf6 4. Nbd2 Be7 5. b3 O-O 6. Bb2 c5 7. e3 b6 8. Rg1 Nc6 9. g4 Bb7 10. g5 Nd7 11. h4 d4 12. a3 Qc7 13. Qe2 a6 14. h5 e5 15. Bh3 g6 16. Ne4 Na5 17. Bxd7 Bxe4 18. dxe4 Qxd7 19. Nxe5 Qe6 20. exd4 cxd4 21. Ng4 Bxg5 22. Rg3 Rae8 23. e5 f5 24. Nh2 Bf4 25. Rh3 g5 26. Bxd4 g4 27. Nxg4 fxg4 28. Rh4 Kh8 29. Rxg4 Bxe5 30. Re4 Nc6 31. Bxe5+ Nxe5 32. O-O-O Nd3+ 33. Rxd3 Qxe4 34. Re3 Qh1+ 35. Kb2 Rxe3 36. Qxe3 Qf3 37. Qe5+ Qf6 38. f4 Qxe5+ 39. fxe5 Re8 40. Kc3 Rxe5 41. b4 Rxh5 42. Kd4 Kg7 43.
c5 bxc5+ 44. bxc5 Kf7 45. c6 Ke7 46. c7 Kd7 0-1

[Event "*** SCC Grand Prix: Titled Tuesday Blitz"]
[Site "Chess.com"]
[Date "2020.07.21"]
[Round "3"]
[White "Chessdemon2019"]
[Black "bascheyaro"]
[Result "0-1"]
[WhiteElo "2361"]
[BlackElo "2726"]
[TimeControl "180+1"]
[EndTime "10:27:43 PDT"]
[Termination "bascheyaro won by checkmate"]

1. e4 e6 2. d4 d5 3. Nc3 Bb4 4. Ne2 Nf6 5. e5 Ne4 6. g3 c5 7. a3 Qa5 8. Bd2 Bxc3 9. Bxc3 Nxc3 10. bxc3 Nc6 11. Qd2 b6 12. Bg2 Ba6 13. O-O Bxe2 14. Qxe2 Qxc3 15. dxc5 Qxc5 16. c4 dxc4 17. Rac1 b5 18.
a4 Rc8 19. axb5 Nd4 20. Qa2 O-O 21. Rfe1 Nxb5 22. Bf1 c3 23. Qa5 Nd4 24. Qxc5 Rxc5 25. Re3 Rfc8 26. Rd3 Nb3 27. Rc2 a5 28. Rd7 Rxe5 29.
Rxc3 Nc5 30. Ra7 Rf8 31. Rxa5 Ne4 32. Rxe5 Nxc3 33. Bd3 g6 34. Rc5 Nd5 35. Be4 Nf6 36.
Bf3 Rd8 37. Kg2 Kf8 38. Rc7 Rd7 39. Rc8+ Ke7 40. Ra8 Rc7 41. h4 Nd7 42. h5 g5 43.
Be4 f5 44. Bf3 g4 45. Be2 Nf6 46. h6 Kf7 47. Ra6 Ng8 48. f3 Rc2 49. Kf2 Nxh6 50. Ra7+ Kg6 51. Re7 Rc6 52. fxg4 fxg4 53. Bd3+ Nf5 54.
Rd7 h5 55. Be4 Ra6 56. Bd3 Ra2+ 57. Kg1 Kg5 58. Rd8 Nxg3 59. Rg8+ Kh4 60. Bf1 Nxf1 61. Kxf1 Kg3 62. Kg1 Ra1# 0-1

[Event "*** SCC Grand Prix: Titled Tuesday Blitz"]
[Site "Chess.com"]
[Date "2020.07.21"]
[Round "3"]
[White "vanea_03"]
[Black "Zhani-Z"]
[Result "1-0"]
[WhiteElo "2706"]
[BlackElo "2419"]
[TimeControl "180+1"]
[EndTime "10:27:44 PDT"]
[Termination "vanea_03 won by checkmate"]

1. d4 Nf6 2. c4 e6 3. g3 Bb4+ 4. Bd2 a5 5. Bg2 d6 6. e3 e5 7. Ne2 O-O 8. O-O Bxd2 9. Qxd2 Qe7 10. Nbc3 Re8 11. h3 c6 12. g4 h6 13. Ng3 a4 14.
f4 exd4 15. exd4 a3 16. Rae1 Qd8 17. b3 Rxe1 18. Rxe1 d5 19. g5 hxg5 20. fxg5 Ne4 21. Ncxe4 dxe4 22. Nxe4 Bf5 23. Ng3 Bg6 24. h4 Na6 25. h5 Bh7 26. d5 Qd6 27. Qf2 Nb4 28.
Rf1 Rf8 29. c5 Qd8 30. dxc6 bxc6 31. Qf4 Nxa2 32. h6 Qe7 33. hxg7 Kxg7 34. Nh5+ Kg8 35.
Nf6+ Kg7 36. Qh4 Qe3+ 37. Kh1 Rh8 38. Qh6# 1-0

[Event "*** SCC Grand Prix: Titled Tuesday Blitz"]
[Site "Chess.com"]
[Date "2020.07.21"]
[Round "3"]
[White "Makswolf200817"]
[Black "QuintilianoR"]
[Result "0-1"]
[WhiteElo "2465"]
[BlackElo "2680"]
[TimeControl "180+1"]
[EndTime "10:27:45 PDT"]
[Termination "QuintilianoR won by resignation"]

1. d4 d5 2. c4 c6 3. Nf3 Nf6 4. Nc3 dxc4 5. e3 b5 6. a4 b4 7. Na2 e6 8. Bxc4 Bb7 9. Bd2 a5 10. O-O Nbd7 11. Nc1 c5 12. Nb3 Be7 13. Rc1 Rc8 14.
Qe2 O-O 15. Rfd1 Qb6 16. Be1 Rfd8 17. Bb5 Bd5 18. Nbd2 cxd4 19. Nxd4 Nc5 20. f3 g6 21. Bf2 e5 22. e4 exd4 23. exd5 Nxd5 24. Nc4 Qa7 25.
Bxd4 Bf6 26. Bf2 Nf4 27. Qc2 Nfe6 28. Rxd8+ Rxd8 29. Rd1 Bd4 30. Kf1 Bxf2 31. Rxd8+ Nxd8 32. Qxf2 Nde6 33. Qe3 Qc7 34. g3 Nxa4 35. Qe4 Nb6 36. Nxa5 Qc1+ 37. Qe1 Qxb2 38. Nc4 Nxc4 39. Bxc4 Qxh2 40.
Bxe6 Qh1+ 41. Kf2 Qxe1+ 42. Kxe1 fxe6 43. Kd2 g5 44. Kc2 h5 0-1